 Dungeon Crawl Stone Soup version 0.24.0-123-gd5b16e6ec5 (webtiles) character file.

Game seed: 16251815344661141791, levelgen mode: deterministic

4201 brucemayne the Cleaver (level 10, -4/91 HPs)
             Began as a Hill Orc Monk on Jan 25, 2020.
             Was an Elder of Makhleb.
             Slain by an unseen horror (7 damage)
             ... on level 11 of the Dungeon.
             The game lasted 00:21:20 (3837 turns).

brucemayne the Cleaver (Hill Orc Monk)              Turns: 3837, Time: 00:21:21

Health: -4/91      AC: 12    Str: 15 (18) XL:     10   Next: 29%
Magic:  14/14      EV: 11    Int:  7 (10) God:    Makhleb [****..]
Gold:   307        SH:  0    Dex:  9 (11) Spells: 9/9 levels left

rFire    . . .     SeeInvis .   o - +0 war axe
rCold    . . .     Gourm    .   (no shield)
rNeg     . . .     Faith    .   f - +0 ring mail
rPois    .         Spirit   .   m - +0 helmet
rElec    .         Reflect  .   (no cloak)
rCorr    .         Harm     .   e - +1 pair of gloves
MR       +....                  (no boots)
Stlth    +.........             t - amulet of regeneration
HPRegen  0.25/turn              q - ring of protection from magic
MPRegen  0.14/turn              s - +3 ring of protection

@: lethally poisoned (-4 -> -9), very slightly contaminated
A: icy blue scales 1, blurry vision 1, clumsy 1, deformed body
a: Minor Destruction, Lesser Servant of Makhleb, Major Destruction, Renounce
Religion


You were on level 11 of the Dungeon.
You worshipped Makhleb.
Makhleb was greatly pleased with you.
You were not hungry.

You visited 1 branch of the dungeon, and saw 11 of its levels.
You also visited: Ossuary.

You collected 307 gold pieces.

Inventory:

Hand Weapons
 a - a +1 hand axe
 o - a +0 war axe (weapon)
 x - the +3 hand crossbow of Eduivvey {velocity, +Fly rF- Int+5 SInv, unknown}
   (You found it on level 7 of the Dungeon)

   Any bolt fired from it inflicts extra damage.
   It affects your intelligence (+5).
   It makes you vulnerable to fire.
   It lets you see invisible.
   It lets you fly.
Missiles
 B - 2 poisoned darts (quivered)
Armour
 b - a +0 robe
 e - a +1 pair of gloves (worn)
 f - a +0 ring mail (worn)
 h - a +0 chain mail
 m - a +0 helmet (worn)
 v - a +0 chain mail
 C - a +0 scale mail
Jewellery
 d - an uncursed ring of wizardry
 p - an uncursed ring of protection from cold
 q - a ring of protection from magic (left hand)
 s - a +3 ring of protection (right hand)
 t - an amulet of regeneration (around neck)
 w - a cursed amulet of inaccuracy
 D - an uncursed ring of protection from cold
Scrolls
 k - 6 scrolls of identify
 l - a scroll of remove curse
 y - a scroll of noise
Potions
 g - a potion of degeneration
 n - 4 potions of brilliance
 A - a potion of flight
Comestibles
 c - 11 rations


   Skills:
 - Level 9.0 Fighting
 + Level 14.3 Axes
 - Level 4.8 Armour
 - Level 2.4 Dodging
 - Level 1.5 Stealth
 - Level 6.0 Invocations


You had 9 spell levels left.
You didn't know any spells.
Your spell library contained the following spells:

 Spells                   Type           Power        Failure   Level  Hunger
 Sting                    Conj/Pois      #...         65%         1    ##.....
 Summon Small Mammal      Summ           #...         65%         1    ##.....
 Call Imp                 Summ           #.......     78%         2    ###....
 Poisonous Vapours        Pois/Air       #.....       78%         2    ###....
 Call Canine Familiar     Summ           #.......     95%         3    ####...
 Mephitic Cloud           Conj/Pois/Air  #.......     95%         3    ####...
 Summon Guardian Golem    Hex/Summ       #.......     95%         3    ####...
 Olgreb's Toxic Radiance  Pois           #.......     100%        4    #####..
 Summon Ice Beast         Ice/Summ       #.......     100%        4    #####..
 Summon Lightning Spire   Summ/Air       #.......     100%        4    #####..
 Venom Bolt               Conj/Pois      #.........   100%        5    ######.


Dungeon Overview and Level Annotations

Branches:
Dungeon (11/15)            Temple (0/1) D:7         Ossuary (visited)
   Lair: D:8-11         Orc: D:9-12

Altars:
Ashenzari
Fedhas
Gozag
Kikubaaqudgha
Makhleb
Nemelex Xobeh
Trog
Xom
Zin
The Shining One

Shops:
D:7 *


Innate Abilities, Weirdness & Mutations

You are partially covered in icy blue scales. (AC +2)
Scrolls take you a little longer to read.
You are clumsy. (Dex -2)
Armour fits poorly on your strangely shaped body.


Message History

Press: ? - help, Dir - move target cursor You are very lightly contaminated with residual magic.
As you read the scroll labeled EKITOCA UBREI, it crumbles to dust.
It was a scroll of blinking.
A bullfrog skeleton comes into view.
Okay, then.
Okay, then.
* * * LOW HITPOINT WARNING * * *
You feel sick.
Found a scroll labeled BAKHIKEYRE.
You aren't carrying any items that you can evoke.
Unknown command.
* * * LOW HITPOINT WARNING * * *
You feel sick. Something hits you.
* * * LOW HITPOINT WARNING * * *
Deactivating autopickup; reactivate with Ctrl-A.
You hit the bullfrog skeleton.
The bullfrog skeleton is lightly damaged.
You miss something. Something hits you!
You die...

.##<....#....#
##...#..#.....
###).#<...#
.))(##...##
....###.##
....# .. .....#
#.. ...#.# ...
##### ..##...
.... #S$@# ...
.#....###..#.Z#
...###...
#§o5###...#
.... .##..#..#
.#..# #..##
.(l###..# #.#.
#o.# .#.# #[###
H. # ? ## #


You could see an orc wizard, a crimson imp, an adder and a bullfrog skeleton.

Vanquished Creatures
  A centaur zombie (D:10)
  A slime creature (D:9)
  A hog (D:7)
  A steam dragon (D:10)
  A hungry ghost (D:11)
  A porcupine (D:11)
  An ice beast (D:10)
  A sky beast (D:10)
  A centaur (D:7)
  2 ogres
  A crocodile (D:8)
  3 big kobolds
  A bullfrog (D:11)
  A gnoll sergeant (D:11)
  7 water moccasin zombies (Ossuary)
  8 killer bees
  A howler monkey (D:5)
  A crimson imp (D:11)
  2 orc priests (D:9)
  A bullfrog skeleton (D:5)
  4 orc wizards
  2 iguanas
  A centaur skeleton (D:6)
  A worker ant (D:7)
  7 big kobold zombies (Ossuary)
  2 mummies (Ossuary)
  A worker ant zombie (D:11)
  A howler monkey zombie (D:7)
  4 adders
  5 gnolls (D:11)
  2 shadow imps
  A white imp (D:7)
  4 adder zombies (Ossuary)
  An adder skeleton (D:9)
  2 leopard geckos
  8 orcs
  A ball python (D:2)
  A giant cockroach (D:1)
  A gnoll zombie (Ossuary)
  A goblin (D:2)
  2 hobgoblins (D:1)
  12 jackals
  7 kobolds
  A quokka (D:10)
  2 bats (D:2)
  A frilled lizard (D:1)
  6 hobgoblin zombies (Ossuary)
  5 kobold zombies
  2 orc zombies (Ossuary)
  A quokka skeleton (D:10)
  2 rats
128 creatures vanquished.

Vanquished Creatures (collateral kills)
  Harold (D:7)
  3 hogs (D:7)
  A human (D:7)
  Menkaure (D:7)
  A black bear (D:11)
  A phantom (D:7)
  A scorpion (D:11)
  A killer bee (D:10)
  A water moccasin skeleton (D:10)
  A howler monkey (D:10)
  A jelly (D:7)
  A hound zombie (D:8)
  An orc (D:9)
  A hobgoblin zombie (D:7)
  2 kobold skeletons (D:7)
  A kobold zombie (D:7)
  An orc skeleton (D:7)
20 creatures vanquished.

Vanquished Creatures (others)
  A fungus (D:11)
1 creature vanquished.

Grand Total: 149 creatures vanquished

Notes
Turn   | Place    | Note
-------+----------+-------------------------------------------
     0 | D:1      | brucemayne the Hill Orc Monk began the quest for the Orb.
     0 | D:1      | Reached XP level 1. HP: 19/19 MP: 1/1
   145 | D:2      | Reached XP level 2. HP: 26/26 MP: 2/2
   319 | D:2      | Reached skill level 5 in Axes
   451 | D:2      | Found a burning altar of Makhleb.
   451 | D:2      | Found a shimmering altar of Xom.
   460 | D:2      | Became a worshipper of Makhleb the Destroyer
   460 | D:2      | Reached * piety under Makhleb
   460 | D:2      | Reached ** piety under Makhleb
   490 | D:3      | Found an ancient bone altar of Kikubaaqudgha.
   525 | D:3      | Reached XP level 3. HP: 28/31 MP: 3/3
   552 | D:5      | Entered Level 5 of the Dungeon
   555 | D:5      | Found a blossoming altar of Fedhas.
   555 | D:5      | Noticed a centaur
   665 | D:4      | Noticed a phantom
   686 | D:5      | Reached skill level 6 in Axes
   686 | D:5      | Reached XP level 4. HP: 35/39 MP: 4/4
   709 | D:5      | Reached skill level 7 in Axes
   968 | D:6      | Noticed a sky beast
  1054 | D:7      | Found Zin's Purification Station.
  1059 | D:7      | Found a glowing silver altar of Zin.
  1085 | D:6      | Noticed a gnoll sergeant
  1097 | D:7      | Noticed an ogre
  1107 | D:7      | Killed an ogre
  1107 | D:7      | Reached skill level 8 in Axes
  1107 | D:7      | Reached XP level 5. HP: 35/45 MP: 5/5
  1132 | D:7      | Noticed a centaur
  1145 | D:7      | Killed a centaur
  1145 | D:7      | Reached skill level 9 in Axes
  1145 | D:7      | Reached XP level 6. HP: 50/51 MP: 6/6
  1238 | D:7      | Found a bloodstained altar of Trog.
  1309 | D:7      | Found a staircase to the Ecumenical Temple.
  1312 | D:7      | Got an ancient hand crossbow
  1349 | D:7      | Found a sand-covered staircase.
  1354 | Ossuary  | Entered an ossuary
  1405 | Ossuary  | Reached skill level 10 in Axes
  1429 | Ossuary  | Reached XP level 7. HP: 30/57 MP: 7/7
  1529 | Ossuary  | Reached skill level 11 in Axes
  1602 | Ossuary  | Reached *** piety under Makhleb
  1611 | Ossuary  | Reached XP level 8. HP: 37/64 MP: 8/8
  1629 | Ossuary  | Reached skill level 1 in Invocations
  1841 | D:7      | Reached skill level 5 in Invocations
  1891 | D:7      | Noticed Menkaure
  1896 | D:7      | Killed Menkaure
  1896 | D:7      | Reached skill level 12 in Axes
  1915 | D:7      | Found a glowing golden altar of the Shining One.
  1967 | D:8      | Noticed a slime creature
  1967 | D:8      | Noticed a slime creature
  1967 | D:8      | Noticed a slime creature
  1967 | D:8      | Noticed a slime creature
  1967 | D:8      | Noticed a slime creature
  2016 | D:8      | Noticed a two-headed ogre
  2072 | D:7      | Found an opulent altar of Gozag.
  2084 | D:7      | Noticed Harold
  2117 | D:7      | Killed Harold
  2117 | D:7      | Reached XP level 9. HP: 59/75 MP: 13/13
  2322 | D:8      | You fall into a shaft and drop 1 floor!
  2335 | D:9      | Gained mutation: You are dopey. (Int -2) [potion of
                  | mutation]
  2335 | D:9      | Lost mutation: You are dopey. (Int -2) [potion of mutation]
  2335 | D:9      | Gained mutation: You expend magic power (3 MP) to
                  | strengthen your wands. [potion of mutation]
  2335 | D:9      | Gained mutation: You are partially covered in molten
                  | scales. (AC +2) [potion of mutation]
  2347 | D:9      | Reached skill level 13 in Axes
  2359 | D:9      | Lost mutation: You expend magic power (3 MP) to strengthen
                  | your wands. [potion of mutation]
  2359 | D:9      | Lost mutation: You are partially covered in molten scales.
                  | (AC +2) [potion of mutation]
  2359 | D:9      | Gained mutation: Your spells are a little harder to cast,
                  | but a little more powerful. [potion of mutation]
  2359 | D:9      | Gained mutation: You are partially covered in slimy green
                  | scales. (AC +2) [potion of mutation]
  2359 | D:9      | Gained mutation: You are agile. (Dex +2) [potion of
                  | mutation]
  2360 | D:9      | Lost mutation: You are agile. (Dex +2) [potion of mutation]
  2360 | D:9      | Lost mutation: Your spells are a little harder to cast, but
                  | a little more powerful. [potion of mutation]
  2360 | D:9      | Lost mutation: You are partially covered in slimy green
                  | scales. (AC +2) [potion of mutation]
  2360 | D:9      | Gained mutation: Scrolls take you a little longer to read.
                  | [potion of mutation]
  2360 | D:9      | Gained mutation: Your spells are a little easier to cast,
                  | but a little less powerful. [potion of mutation]
  2360 | D:9      | Gained mutation: You are partially covered in yellow
                  | scales. (AC +2) [potion of mutation]
  2361 | D:9      | Lost mutation: Scrolls take you a little longer to read.
                  | [potion of mutation]
  2361 | D:9      | Lost mutation: Your spells are a little easier to cast, but
                  | a little less powerful. [potion of mutation]
  2361 | D:9      | Lost mutation: You are partially covered in yellow scales.
                  | (AC +2) [potion of mutation]
  2361 | D:9      | Gained mutation: You are clumsy. (Dex -2) [potion of
                  | mutation]
  2361 | D:9      | Gained mutation: Scrolls take you a little longer to read.
                  | [potion of mutation]
  2361 | D:9      | Gained mutation: Armour fits poorly on your strangely
                  | shaped body. [potion of mutation]
  2361 | D:9      | Gained mutation: You are partially covered in icy blue
                  | scales. (AC +2) [potion of mutation]
  2695 | D:9      | Found a shattered altar of Ashenzari.
  2748 | D:10     | Entered Level 10 of the Dungeon
  2965 | D:9      | Found a glowing silver altar of Zin.
  3232 | D:11     | Reached skill level 1 in Armour
  3345 | D:10     | Reached **** piety under Makhleb
  3439 | D:10     | Reached XP level 10. HP: 36/88 MP: 14/14
  3586 | D:10     | Reached skill level 14 in Axes
  3644 | D:9      | Found a sparkling altar of Nemelex Xobeh.
  3835 | D:11     | HP: 4/91 [poisoned by a scorpion]
  3837 | D:11     | Slain by an unseen horror

Levels and vault maps discovered:
D:1:      mushboom_english_gardens, layout_basic, minmay_misc_feat_square
D:2:      minmay_recursive_quarters, layout_basic,
          chequers_temple_overflow_statue_of_worship, okawaru_ov_weapons_minmay,
          first_ration, kennysheep_generic_room_3
D:3:      layout_basic, kiku_gazebo_garden_becter
D:4:      layout_rooms, gammafunk_ghost_arena, chequers_garden, uniq_ijyb
D:5:      layout_gridville, nicolae_ru_path_of_blood,
          fedhas_bush_and_centaur_altar
D:6:      layout_basic, lemuel_blue_sif_altar, vehumet_statue, nrook_campfire,
          grunt_decor_cap, uniq_edmund
D:7:      layout_loops_ring, kennysheep_mini, lemuel_crystal_altar, zin_purify,
          minmay_temple_entry_mist, enter_ossuary_2, grunt_livestock,
          nicolae_tso_besieged_by_evil, uniq_harold, uniq_menkaure
D:8:      layout_basic
D:9:      layout_stronghold, evilmike_ruin_ashenzari,
          nemelex_xobeh_ov_fountains_minmay, basic_altar
D:10:     layout_basic, david_orc_2, grunt_ministairs_8,
          kennysheep_generic_room_6, uniq_maurice
D:11:     minmay_spotlight, layout_cave_pools, due_lair_maze_entry_diamond,
          kennysheep_kite_vault

Skill      XL: |  1  2  3  4  5  6  7  8  9 10 |
---------------+-------------------------------+-----
Axes           | 5 6 8 9 10 11 12 13 14 | 14.3
Invocations    | 6 |  6.0
Fighting       | 6 8 9 |  9.0
Armour         | 4 |  4.8
Dodging        | |  2.4
Stealth        | |  1.5

Action                   |  1- 3 |  4- 6 |  7- 9 | 10-12 || total
-------------------------+-------+-------+-------+-------++-------
Melee: Hand axe          |    65 |   139 |   361 |       ||   565
       War axe           |       |       |   108 |    73 ||   181
Invok: Lesser Servant of |       |       |     9 |     2 ||    11
Evoke: Wand              |       |     3 |     4 |       ||     7
  Use: Scroll            |       |     1 |     6 |     5 ||    12
       Potion            |       |       |    17 |     1 ||    18
 Stab: Paralysed         |       |    10 |       |       ||    10
       Distracted        |       |       |     1 |       ||     1
       Invisible         |       |       |     2 |       ||     2
  Eat: Chunk             |       |     2 |       |     1 ||     3
       Ration            |       |       |     2 |     2 ||     4
Armor: Ring mail         |    24 |    50 |   172 |    35 ||   281
       Skin              |       |       |    10 |       ||    10
Dodge: Dodged            |    50 |    84 |   182 |    29 ||   345
